 Dungeon Crawl Stone Soup version 0.17-a0-1923-gc35365e (webtiles) character file.

2313 derrpe the Covert (level 9, 0/61 HPs)
             Began as a Vampire Enchanter on Sept 29, 2015.
             Was a Follower of Ashenzari.
             Slain by a killer bee (3 damage)
             ... on level 8 of the Dungeon.
             The game lasted 00:25:40 (9391 turns).

derrpe the Covert (Vampire Enchanter)               Turns: 9391, Time: 00:25:41

Health: 0/61       AC:  3    Str: 12    XL:     9   Next: 18%
Magic:  0/12       EV: 14    Int: 20    God:    Ashenzari [*.....]
Gold:   101        SH:  5    Dex: 15    Spells: 4 memorised, 3 levels left

rFire  . . .     SeeInvis +     a - +1 dagger (curse)
rCold  + + .     Clarity  .     z - +1 robe (curse)
rNeg   + + +     SustAt   .     r - +0 buckler (curse)
rPois  +         Gourm    .     (no helmet)
rElec  .         Spirit   .     l - +0 cloak (curse)
rCorr  .         Warding  .     (no gloves)
rMut   .         Stasis   .     (no boots)
MR     +....                    (no amulet)
Stlth  +++++.....               g - ring of protection from magic
                                k - ring of wizardry

@: mighty, regenerating slowly, somewhat resistant to hostile enchantments,
quite stealthy
A: fangs 3, talons 1, see invisible, deformed body, unbreathing
a: Bat Form, Scrying, Renounce Religion


You were on level 8 of the Dungeon.
You worshipped Ashenzari.
Ashenzari was aware of your devotion.
You were near bloodless.

You visited 2 branches of the dungeon, and saw 9 of its levels.

You collected 379 gold pieces.
You spent 278 gold pieces at shops.

Inventory:

Hand weapons
 a - a cursed +1 dagger (weapon)
 b - the +6 hunting sling "Oshrayci" {freeze, rC++ rN+ Int-2}
   (You found it on level 5 of the Dungeon)

   It causes projectiles fired from it to freeze those they strike, causing
   extra injury to most foes and up to half again as much damage against
   particularly susceptible opponents.
   They can also slow down cold-blooded creatures.
   It affects your intelligence (-2).
   It greatly protects you from cold.
   It protects you from negative energy.
Missiles
 A - 122 stones (quivered)
Armour
 l - a cursed +0 cloak (worn)
 r - a cursed +0 buckler (worn)
 z - a cursed +1 robe (worn)
Jewellery
 g - a ring of protection from magic (right hand)
 k - a ring of wizardry (left hand)
Magical devices
 n - a wand of magic darts (21)
 p - a wand of lightning (5)
 w - a wand of frost (38)
 x - a wand of teleportation (6)
 I - a wand of fire (5)
Scrolls
 d - 3 scrolls of curse armour
 e - a scroll of curse jewellery
 f - 9 scrolls of identify
 h - 3 scrolls of amnesia {unknown}
 q - 4 scrolls of magic mapping {unknown}
 s - a scroll of fear {unknown}
 t - 3 scrolls of teleportation
 v - 3 scrolls of blinking {unknown}
 y - 2 scrolls of recharging
 G - a scroll of random uselessness {unknown}
 H - a scroll of curse weapon
 J - a scroll of enchant armour {unknown}
Potions
 i - a potion of heal wounds
 j - a potion of resistance {unknown}
 m - a potion of curing
 o - 2 potions of agility {unknown}
 u - a potion of might
 B - a potion of invisibility {unknown}
 C - a potion of haste {unknown}
 D - 2 potions of mutation
 E - a potion of flight {unknown}
 F - 2 potions of beneficial mutation {unknown}
Books
 c - a book of Maledictions

   Spells                             Type                      Level
   a - Corona                         Hexes                        1
   b - Ensorcelled Hibernation        Hexes/Ice                    2
   c - Confuse                        Hexes                        3
   d - Tukima's Dance                 Hexes                        3
   e - Dazzling Spray                 Conjuration/Hexes            3


   Skills:
 * Level 2.2 Fighting
 + Level 6.7 Short Blades
 * Level 4.2 Dodging
 + Level 9.2 Stealth
 - Level 4.0 Shields
 - Level 2.0 Spellcasting
 + Level 8.6 Hexes
 - Level 4.0 Ice Magic


You had 3 spell levels left.
You knew the following spells:

 Your Spells              Type           Power        Failure   Level  Hunger
a - Corona                Hex            #####..      1%          1    #......
b - Ensorcelled Hibernat  Hex/Ice        ####..       1%          2    ##.....
c - Confuse               Hex            #####...     1%          3    ###....
d - Tukima's Dance        Hex            #####...     1%          3    ###....


Dungeon Overview and Level Annotations

Branches:
Dungeon (8/15)             Temple (1/1) D:7
   Lair: D:8-11

Altars:
Ashenzari
Cheibriados
Dithmenos
Elyvilon
Fedhas
Gozag
Kikubaaqudgha
Makhleb
Nemelex Xobeh
Okawaru
Qazlal
Sif Muna
Trog
Vehumet
Xom
Yredelemnul
Zin
The Shining One

Shops:
D:3 *   D:7 !}?


Innate Abilities, Weirdness & Mutations

You heal slowly.
You have razor-sharp teeth.
You have supernaturally acute eyesight.
You can survive without breathing.
You have sharp toenails.
Armour fits poorly on your strangely shaped body.


Message History

The killer bee stings you but does no damage.
You block the killer bee's attack. The killer bee stings you!
* * * LOW HITPOINT WARNING * * *
You are poisoned.
The killer bee poisons you!
Casting: Ensorcelled Hibernation
Confirm with . or Enter, or press ? or * to list all spells.
Aiming: Ensorcelled Hibernation
Press: ? - help, Shift-Dir - straight line, f - killer bee
Aim: a killer bee (chance to defeat MR: 65%)
The killer bee resists with significant effort.
You feel sick. The killer bee stings you!
* * * LOW HITPOINT WARNING * * *
The killer bee completely misses you. The killer bee barely misses you.
The killer bee closely misses you.
Drink which item? (? for menu, Esc to quit)
You feel better. The killer bee stings you!
* * * LOW HITPOINT WARNING * * *
The killer bee closely misses you. The killer bee stings you.
You die...

#.# .. #.# ...
#.## .F..
#..#.....
#........
####..#.....
####.....#.....
####..†...#.......
∩
#@....######......
......yy....#
#.....
###..$$......>#
.....
#.?..........#
##...
#.............#
##.
#.............#
#.........#####
#..########


You could see 2 killer bees.

Vanquished Creatures
  A two-headed ogre (D:8)
  Prince Ribbit (D:8)
  The ghost of mcbry74 the Ruffian, an average TrMo (D:3)
  An orc warrior (D:3)
  2 ice beasts (D:5)
  A black bear (D:3)
  A giant frog (D:6)
  3 killer bees (D:8)
  3 scorpions
  A crimson imp (D:6)
  A giant frog zombie (D:5)
  3 orc priests
  4 orc wizards
  Crazy Yiuf (D:2)
  Ijyb (D:2)
  A centaur skeleton (D:5)
  2 hounds
  3 giant frog skeletons
  2 iguanas
  8 worker ants
  4 gnolls
  13 adders
  An ooze (D:1)
  5 worms
  4 giant geckos
  21 orcs
  7 goblins
  10 hobgoblins
  15 jackals
  3 quokkas
  5 bats
  7 giant cockroaches
  2 giant gecko skeletons (D:4)
  4 giant newts
  11 kobolds
  5 quokka skeletons
  9 rats
167 creatures vanquished.

Notes
Turn   | Place    | Note
--------------------------------------------------------------
     0 | D:1      | derrpe the Vampire Enchanter began the quest for the Orb.
     0 | D:1      | Reached XP level 1. HP: 13/13 MP: 3/3
   133 | D:1      | Reached skill level 5 in Stealth
   133 | D:1      | Reached XP level 2. HP: 19/19 MP: 5/5
   254 | D:1      | Reached skill level 5 in Hexes
   597 | D:1      | Reached XP level 3. HP: 24/24 MP: 6/6
   725 | D:1      | Learned a level 2 spell: Ensorcelled Hibernation
   729 | D:1      | Learned a level 3 spell: Confuse
   930 | D:2      | Reached skill level 6 in Stealth
   959 | D:2      | Found a glowing golden altar of the Shining One.
  1287 | D:2      | Found a sparkling altar of Nemelex Xobeh.
  1315 | D:2      | Reached XP level 4. HP: 27/30 MP: 1/7
  1566 | D:2      | Noticed Crazy Yiuf
  1571 | D:2      | Killed Crazy Yiuf
  1650 | D:2      | Noticed Ijyb
  1656 | D:2      | Killed Ijyb
  1656 | D:2      | Reached XP level 5. HP: 35/35 MP: 4/8
  2158 | D:3      | Reached skill level 7 in Stealth
  2219 | D:3      | Reached skill level 1 in Ice Magic
  2445 | D:3      | Found an opulent altar of Gozag.
  2450 | D:3      | Found Gozag's Platinum Reserve.
  2748 | D:3      | Noticed mcbry74's ghost (average TrMo)
  2827 | D:3      | Killed mcbry74's ghost
  2827 | D:3      | Reached XP level 6. HP: 32/41 MP: 1/9
  2901 | D:3      | Learned a level 3 spell: Tukima's Dance
  2901 | D:3      | Gained mutation: You have sharp toenails. [potion of mutation]
  2901 | D:3      | Gained mutation: Armour fits poorly on your strangely shaped body. [potion of mutation]
  3067 | D:3      | Found a bloodstained altar of Trog.
  3097 | D:3      | Noticed an orc warrior
  3112 | D:3      | HP: 2/41 [orc warrior/hand axe (14)]
  3153 | D:3      | HP: 2/41 [orc/flail (2)]
  3496 | D:3      | Killed an orc warrior
  3496 | D:3      | Reached XP level 7. HP: 22/46 MP: 0/10
  3872 | D:3      | Noticed a black bear
  3878 | D:3      | Killed a black bear
  4275 | D:4      | Reached skill level 8 in Stealth
  4588 | D:4      | Reached skill level 5 in Short Blades
  4730 | D:4      | Noticed an angel
  4731 | D:4      | Found a glowing silver altar of Zin.
  4733 | D:4      | Found a shimmering altar of Xom.
  5060 | D:4      | Reached XP level 8. HP: 52/52 MP: 4/11
  5740 | D:5      | Entered Level 5 of the Dungeon
  5797 | D:5      | Got a polished hunting sling
  5798 | D:5      | Identified the +6 hunting sling "Oshrayci" {freeze, rC++ rN+ Int-2} (You found it on level 5 of the Dungeon)
  6202 | D:5      | Reached skill level 1 in Fighting
  6402 | D:5      | Found a stormy altar of Qazlal.
  6754 | D:5      | Reached skill level 9 in Stealth
  8061 | D:7      | Found a staircase to the Ecumenical Temple.
  8112 | Temple   | Entered the Ecumenical Temple
  8284 | Temple   | Became a worshipper of Ashenzari the Shackled
  8493 | D:7      | Found Ykicariwn's Gadget Emporium.
  8530 | D:7      | Found an ancient bone altar of Kikubaaqudgha.
  8531 | D:7      | Found a basalt altar of Yredelemnul.
  8542 | D:7      | Reached skill level 1 in Shields
  8580 | D:7      | Found a stormy altar of Qazlal.
  8673 | D:7      | Found Minebraw's Distillery.
  8678 | D:7      | Bought a potion of heal wounds for 65 gold pieces
  8678 | D:7      | Bought a potion of curing for 39 gold pieces
  8766 | D:7      | Acquired Ashenzari's first power
  8920 | D:7      | Found Toimmuot's Magic Scroll Shoppe.
  8927 | D:7      | Bought a scroll of identify for 24 gold pieces
  8927 | D:7      | Bought a scroll of recharging for 114 gold pieces
  8927 | D:7      | Bought a scroll of teleportation for 36 gold pieces
  9204 | D:8      | Noticed a two-headed ogre
  9206 | D:8      | Killed a two-headed ogre
  9206 | D:8      | Reached XP level 9. HP: 61/61 MP: 12/12
  9253 | D:8      | Found an iron altar of Okawaru.
  9260 | D:8      | Noticed Prince Ribbit
  9267 | D:8      | Killed Prince Ribbit
  9391 | D:8      | HP: 3/61 [killer bee (8)]
  9391 | D:8      | Slain by a killer bee

Vault maps used:
D:1:      lightli_arrival_chessboard, minmay_misc_feat_diagonals,
          monster_avoids_cloud
D:2:      old_standard_altar, lemuel_doored_altar, uniq_crazy_yiuf_cottage,
          uniq_iyjb
D:3:      nicolae_overflow_hidden_temple, nicolae_gozag_zags_fifth_avenue,
          st_stairs_5
D:4:      grunt_temple_overflow_order_and_chaos_1, first_bread, minmay_cupped
D:5:      old_standard_altar
D:7:      grunt_temple_overflow_open, minmay_temple_entry_mist, serial_shops,
          nicolae_shop_statue_plus, nicolae_shop_stone, kennysheep_little_box,
          nicolae_qazlal_eye_of_the_storm
D:8:      okawaru_ov_weapons_minmay, gup_ossuary_entry_pyramid,
          lightli_church_of_beogh, uniq_prince_ribbit1
Temple:   jpeg_temple_alley_garden_8

Action                   |  1- 3 |  4- 6 |  7- 9 || total
-------------------------+-------+-------+-------++-------
Melee: Dagger            |    79 |    85 |   172 ||   336
 Fire: Hunting sling     |       |       |     1 ||     1
 Cast: Corona            |     3 |     6 |       ||     9
       Ensorcelled Hiber |     9 |    40 |    79 ||   128
       Confuse           |       |     6 |     5 ||    11
  Use: Potion            |     1 |     4 |     5 ||    10
       Scroll            |       |       |     4 ||     4
 Stab: Sleeping          |    20 |    31 |    83 ||   134
       Distracted        |     1 |       |       ||     1
       Confused          |       |     4 |     2 ||     6
  Eat: Corpse            |       |     1 |     2 ||     3
